 Dungeon Crawl Stone Soup version 0.17.0-19-gb37c632 (console) character file.

707 Garrluk the Summoner (level 7, 0/27 HPs)
             Began as a Felid Summoner on Nov 12, 2015.
             Succumbed to a manticore's barbed spikes
             ... on level 9 of the Dungeon.
             The game lasted 00:38:53 (9077 turns).

Garrluk the Summoner (Felid Summoner)               Turns: 9077, Time: 00:38:53

Health: 0/27       AC:  2    Str:  4    XL:     7   Next: 39%
Magic:  1/16       EV: 20    Int: 19    God:
Gold:   233        SH:  0    Dex: 16    Spells: 5 memorised, 4 levels left
                                        Lives:  0   Deaths: 2

rFire  . . .     SeeInvis +     (weapon unavailable)
rCold  . . .     Clarity  .     (armour unavailable)
rNeg   . . .     SustAt   +     (shield unavailable)
rPois  .         Gourm    .     (helmet unavailable)
rElec  .         Spirit   .     (cloak unavailable)
rCorr  .         Warding  .     (gloves unavailable)
rMut   .         Stasis   .     (boots unavailable)
MR     ++...                    (no amulet)
Stlth  ++++......               u - ring of sustain attributes
                                o - ring of protection from magic

@: manticore barbs, quick, very resistant to hostile enchantments, stealthy
A: no armour, no weapons or thrown items, claws 1, fangs 3, see invisible,
carnivore 3, speed 1, shaggy fur 2, slow metabolism 1, sharp paws
a: no special abilities


You were on level 9 of the Dungeon.
You were not hungry.

You visited 2 branches of the dungeon, and saw 10 of its levels.
You also visited: Sewer.

You collected 389 gold pieces.
You spent 156 gold pieces at shops.

Notes
Turn   | Place    | Note
--------------------------------------------------------------
     0 | D:1      | Garrluk the Felid Summoner began the quest for the Orb.
     0 | D:1      | Reached XP level 1. HP: 7/7 MP: 4/4
   317 | D:1      | Reached XP level 2. HP: 9/11 MP: 4/6
   851 | D:2      | Learned a level 2 spell: Call Imp
   910 | D:2      | Found a faded altar to an unknown god.
  1018 | D:2      | Found a burning altar of Makhleb.
  1159 | D:2      | Reached XP level 3. HP: 8/14 MP: 5/7
  1552 | D:2      | Found a glowing golden altar of the Shining One.
  1685 | D:2      | Found a bloodstained altar of Trog.
  1812 | D:3      | Learned a level 3 spell: Call Canine Familiar
  1839 | D:3      | Found a shattered altar of Ashenzari.
  2183 | D:4      | Reached XP level 4. HP: 10/18 MP: 2/9
  2409 | D:4      | Found a glowing drain.
  2416 | Sewer    | Entered a sewer
  2661 | Sewer    | Reached skill level 5 in Summonings
  2720 | Sewer    | Reached XP level 5. HP: 9/21 MP: 4/10
  2917 | Sewer    | Noticed a big kobold
  2962 | Sewer    | Killed a big kobold
  3464 | D:4      | Found a blossoming altar of Fedhas.
  3528 | D:4      | Reached skill level 5 in Stealth
  3614 | D:4      | Noticed an ogre
  3631 | D:4      | Killed an ogre
  3631 | D:4      | Gained mutation: You are covered in thick fur (AC +2). [Felid growth]
  3631 | D:4      | Reached XP level 6. HP: 12/24 MP: 3/12
  3663 | D:4      | Found a staircase to the Ecumenical Temple.
  3676 | D:5      | Entered Level 5 of the Dungeon
  3939 | D:5      | Reached skill level 6 in Summonings
  4009 | D:5      | Found Qonixip's Distillery.
  4013 | D:5      | Bought a potion of haste for 120 gold pieces
  4013 | D:5      | Bought a potion of curing for 36 gold pieces
  4300 | D:5      | Found a shadowy altar of Dithmenos.
  4300 | D:5      | Found an iron altar of Okawaru.
  4302 | D:5      | Found a basalt altar of Yredelemnul.
  4318 | D:5      | HP: 1/24 [centaur/arrow (7)]
  4832 | Temple   | Entered the Ecumenical Temple
  5453 | D:6      | Learned a level 4 spell: Summon Ice Beast
  5506 | D:6      | Noticed Pikel
  5609 | D:6      | Reached XP level 7. HP: 27/27 MP: 10/13
  5775 | D:6      | Found Estrast's Antique Weapon Shop.
  5923 | D:6      | Killed Pikel
  5923 | D:6      | Reached skill level 7 in Summonings
  6381 | D:6      | Noticed Eustachio
  6415 | D:6      | Killed Eustachio
  6580 | D:6      | Found an ancient bone altar of Kikubaaqudgha.
  6807 | D:7      | Found an opulent altar of Gozag.
  6843 | D:7      | Found a shimmering altar of Xom.
  7350 | D:7      | Reached XP level 8. HP: 31/31 MP: 10/16
  7465 | D:7      | Reached skill level 8 in Summonings
  7561 | D:7      | Found a blossoming altar of Fedhas.
  7664 | D:7      | Learned a level 3 spell: Summon Guardian Golem
  7684 | D:7      | Reached skill level 5 in Spellcasting
  7765 | D:7      | Found a sacrificial altar of Ru.
  8472 | D:8      | Found a radiant altar of Vehumet.
  8712 | D:8      | Found a staircase to the Lair.
  8756 | D:8      | Mangled by a warg
  8757 | D:8      | Reached XP level 7. HP: -8/27 MP: 2/16
  8850 | D:9      | Noticed Maurice
  8852 | D:9      | Noticed Psyche
  8900 | D:9      | Killed from afar by Psyche
  8900 | D:9      | Killed Psyche
  8900 | D:9      | Reached skill level 5 in Dodging
  8900 | D:9      | Reached skill level 9 in Summonings
  8901 | D:9      | Reached XP level 6. HP: -10/24 MP: 1/15
  8959 | D:9      | Reached XP level 7. HP: 27/27 MP: 8/16
  8987 | D:9      | Killed Maurice
  9045 | D:9      | Noticed a manticore
  9077 | D:9      | Succumbed to a manticore's barbed spikes

Inventory:

Jewellery
 o - a ring of protection from magic (left paw)
   (You found it on level 5 of the Dungeon)
 r - an uncursed ring of ice
   (You found it on level 6 of the Dungeon)
 u - a ring of sustain attributes (right paw)
   (You took it off a crimson imp on level 8 of the Dungeon)
Wands
 g - a wand of polymorph (8)
   (You found it on level 2 of the Dungeon)
 s - a wand of confusion (10)
   (You took it off Eustachio on level 6 of the Dungeon)
 v - a wand of fireball (6)
   (You found it on level 9 of the Dungeon)
Scrolls
 d - 4 scrolls of identify
 e - 3 scrolls of remove curse
 f - a scroll of fog {unknown}
 l - 3 scrolls of teleportation
 p - a scroll of magic mapping
Potions
 c - 2 potions of might {unknown}
 i - 7 potions of heal wounds {unknown}
 j - 5 potions of brilliance {unknown}
 k - 3 potions of flight {unknown}
 m - 5 potions of curing
 n - a potion of haste
 q - 2 potions of agility {unknown}
 w - 2 potions of mutation {unknown}
Books
 a - a book of Callings

   Spells                             Type                      Level
   a - Summon Small Mammal            Summoning                    1
   b - Call Imp                       Summoning                    2
   c - Call Canine Familiar           Summoning                    3
   d - Summon Guardian Golem          Hexes/Summoning              3
   e - Summon Lightning Spire         Summoning/Air                4
   f - Summon Ice Beast               Ice/Summoning                4
Comestibles
 b - 8 meat rations
 h - 5 beef jerkies
 t - a slice of pizza

Table legend:
 A = Turns spent in this place as a percentage of turns spent in the entire game.
 B = Non-inter-level travel turns spent in this place as a percentage of non-inter-level travel turns spent in the entire game.
 C = Inter-level travel turns spent in this place as a percentage of turns spent in this place.
 D = Turns resting spent in this place as a percentage of non-inter-level travel turns spent in this place.
 E = Turns spent auto-exploring this place as a percentage of non-inter-level travel turns spent in this place.
 F = Non-inter-level travel turns spent in this place divided by the number of levels of this place that you've seen.
                   A       B       C       D       E      F
               +-------+-------+-------+-------+-------+----------------------
         Total | 100.0 | 100.0 |   0.3 |   1.4 |   6.8 | 287.2
       Dungeon |  89.4 |  89.4 |   0.4 |   1.3 |   7.1 | 313.7
        Temple |   0.3 |   0.3 |  11.1 |   0.0 |  62.5 |   8.0
         Sewer |  10.3 |  10.4 |   0.0 |   2.7 |   2.7 | 328.0
               +-------+-------+-------+-------+-------+----------------------


   Skills:
 + Level 5.5 Dodging
 - Level 6.5 Stealth
 + Level 5.8 Spellcasting
 * Level 9.2 Summonings


You had 4 spell levels left.
You knew the following spells:

 Your Spells              Type           Power        Failure   Level  Hunger
a - Summon Small Mammal   Summ           ####         1%          1    None
b - Call Imp              Summ           #####...     1%          2    None
c - Call Canine Familiar  Summ           #####...     1%          3    ##.....
d - Summon Ice Beast      Ice/Summ       ###.....     17%         4    ####...
e - Summon Guardian Gole  Hex/Summ       ###.....     6%          3    ##.....


Dungeon Overview and Level Annotations

Branches:
Dungeon (9/15)             Temple (1/1) D:4            Lair (0/8) D:8
    Orc: D:9-12

Altars:
Ashenzari
Cheibriados
Dithmenos
Elyvilon
Fedhas
Gozag
Kikubaaqudgha
Makhleb
Okawaru
Qazlal
Ru
Trog
Vehumet
Xom
Yredelemnul
Zin
The Shining One

Shops:
D:5 !   D:6 (


Innate Abilities, Weirdness & Mutations

You cannot wear armour.
You are incapable of wielding weapons or throwing items.
You have sharp claws.
You have razor-sharp teeth.
You have supernaturally acute eyesight.
You are carnivorous and can eat meat at any time.
You cover ground quickly.
You are covered in thick fur (AC +2).
You have a slow metabolism.
Your sharp claws are effective at attacking unaware monsters.


Message History

Casting: Summon Guardian Golem
Confirm with . or Enter, or press ? or * to list all spells.
The manticore flicks its tail.
The volley of spikes hits your hound.
Your hound dies!
Your hound's corpse disappears in a puff of smoke!
The manticore flicks its tail.
The volley of spikes misses you.
Casting: Call Canine Familiar
Confirm with . or Enter, or press ? or * to list all spells.
The manticore flicks its tail.
The volley of spikes hits you!
The barbed spikes become lodged in your body.
The barbs in your skin will harm you if you move.
Continue?
The barbed spikes dig painfully into your body as you move.
You swap places.
The barbed spikes dig painfully into your body as you move.
* * * LOW HITPOINT WARNING * * *
The barbed spikes dig painfully into your body as you move.
You die...

........#..#....#...#....#
........#..#....'...#....#
........#..#....#...#....#
........####....#...#
##+##...........#...#
#...........#...#
..........#...#
..........#...#
....####+##...#
....#.........# ...
#.....@...# ########r.#
#.##.###..# .......#..#
.......#..# .......#H.#
.....H§'..# .......#..#
########.## #.# ..#


You could see a friendly quokka.

Table legend:
 A = Kills in this place as a percentage of kills in entire the game.
 B = Kills by you in this place as a percentage of kills by you in the entire game.
 C = Kills by friends in this place as a percentage of kills by friends in the entire game.
 D = Other kills in this place as a percentage of other kills in the entire game.
 E = Experience gained in this place as a percentage of experience gained in the entire game.
 F = Experience gained in this place divided by the number of levels of this place that you have seen.
                   A       B       C       D       E      F
               +-------+-------+-------+-------+-------+----------------------
         Total | 100.0 | 100.0 | 100.0 |  -nan | 100.0 | 252.2
       Dungeon |  77.3 |  87.1 |  73.2 |  -nan |  94.5 | 291.3
         Sewer |  22.7 |  12.9 |  26.8 |  -nan |   5.5 | 152.0
               +-------+-------+-------+-------+-------+----------------------

Vanquished Creatures
  Monster Symbol All '5'
  3 crimson imps
3 creatures vanquished. All '@' Maurice (D:9) Psyche (D:9) Eustachio (D:6)
3 creatures vanquished. All 'F' 3 giant frogs
3 creatures vanquished. All 'J' A jelly (D:8) 3 oozes
4 creatures vanquished. All 'K' Pikel (D:6) A big kobold (Sewer) 21 kobolds
23 creatures vanquished. All 'O' 4 ogres
4 creatures vanquished. All 'S' 5 adders 7 ball pythons
12 creatures vanquished. All 'Y' 2 sky beasts
2 creatures vanquished. All 'Z' A wyvern zombie (D:8) A centaur skeleton (D:6) A hound skeleton (D:6) A giant gecko zombie (D:5) 3 jackal skeletons A jackal zombie (D:6) 2 quokka skeletons (D:6)
10 creatures vanquished. All 'a' 3 worker ants
3 creatures vanquished. All 'b' 13 bats
13 creatures vanquished. All 'c' A centaur (D:5)
1 creature vanquished. All 'g' 7 gnolls 8 goblins 8 hobgoblins
23 creatures vanquished. All 'h' A black bear (D:7) 2 hounds 10 jackals
13 creatures vanquished. All 'l' 2 iguanas 4 giant geckos 5 giant newts
11 creatures vanquished. All 'o' An orc warrior (D:7) 3 orc priests 11 orc wizards 19 orcs
34 creatures vanquished. All 'p' A slave (D:6)
1 creature vanquished. All 'r' 7 river rats 2 quokkas (D:6) 26 rats
35 creatures vanquished. All 's' 2 scorpions (D:6) 8 giant cockroaches
10 creatures vanquished. All 'w' 2 worms (D:4)
2 creatures vanquished. All 'z' 4 wights (D:7)
4 creatures vanquished.
214 creatures vanquished. Monster Nature Uniques Pikel (D:6) Maurice (D:9) Psyche (D:9) Eustachio (D:6)
4 creatures vanquished. Natural Monsters A slave (D:6) A black bear (D:7) An orc warrior (D:7) 2 sky beasts A big kobold (Sewer) 4 ogres A centaur (D:5) 3 giant frogs 2 scorpions (D:6) A jelly (D:8) 2 hounds 3 orc priests 3 worker ants 2 iguanas 11 orc wizards 5 adders 7 gnolls 7 river rats 3 oozes 2 worms (D:4) 19 orcs 7 ball pythons 8 goblins 8 hobgoblins 10 jackals 21 kobolds 2 quokkas (D:6) 13 bats 8 giant cockroaches 4 giant geckos 5 giant newts 26 rats
193 creatures vanquished. Undead Monsters A wyvern zombie (D:8) 4 wights (D:7) A centaur skeleton (D:6) A hound skeleton (D:6) A giant gecko zombie (D:5) 3 jackal skeletons A jackal zombie (D:6) 2 quokka skeletons (D:6)
14 creatures vanquished. Demonic Monsters 3 crimson imps
3 creatures vanquished.
214 creatures vanquished. Ascending Order Pikel (D:6) Maurice (D:9) Psyche (D:9) Eustachio (D:6) A slave (D:6) A black bear (D:7) An orc warrior (D:7) A big kobold (Sewer) A centaur (D:5) A wyvern zombie (D:8) A jelly (D:8) A centaur skeleton (D:6) A hound skeleton (D:6) A jackal zombie (D:6) A giant gecko zombie (D:5) 2 sky beasts 2 scorpions (D:6) 2 hounds 2 iguanas 2 worms (D:4) 2 quokkas (D:6) 2 quokka skeletons (D:6) 3 giant frogs 3 crimson imps 3 orc priests 3 worker ants 3 oozes 3 jackal skeletons 4 ogres 4 wights (D:7) 4 giant geckos 5 adders 5 giant newts 7 gnolls 7 river rats 7 ball pythons 8 hobgoblins 8 goblins 8 giant cockroaches 10 jackals 11 orc wizards 13 bats 19 orcs 21 kobolds 26 rats
214 creatures vanquished.

Action                   |  1- 3 |  4- 6 |  7- 9 || total
-------------------------+-------+-------+-------++-------
Melee: Unarmed           |   122 |   104 |   100 ||   326
 Cast: Summon Small Mamm |    27 |    68 |    52 ||   147
       Call Imp          |     8 |    23 |    33 ||    64
       Call Canine Famil |     3 |    24 |    30 ||    57
       Summon Ice Beast  |       |       |     8 ||     8
       Summon Guardian G |       |       |     7 ||     7
  Use: Scroll            |     6 |       |     3 ||     9
       Potion            |       |       |     2 ||     2
 Stab: Sleeping          |    17 |     7 |     3 ||    27
       Distracted        |     1 |     1 |     3 ||     5
  Eat: Chunk             |    11 |     9 |     9 ||    29
